AoeStats
← Lukat0ny.2

Arabia

508195887Analyzed
1v1 RM · 13d ago on Sep 21, 2026· 31m 3s· 2 players
Game mode
Random Map
Map size
Tiny (2 player)
Population
200
Speed
Normal
Resources
Standard
Victory
Conquest
Starting age
Dark Age
Ending age
Imperial Age
RankedLock teamsTeams togetherTeam positionsShared explorationLock speedFull tech treeHidden civsTurbo modeCheats
Victory
Defeat
🇭🇺 Koreans · Hungary
668
+17
🇪🇸 Persians · Spain
693
-17
PW.Bence
10:49 Feudal Age
11:22 Double-Bit Axe
13:10 Loom
15:48 Fletching
16:53 Horse Collar
25:33 Castle Age
26:28 Crossbowman
27:15 Thumb Ring
28:07 Gold Mining
28:29 Bow Saw
28:22 Heavy Plow
Lukat0ny.2
10:27 Feudal Age
12:33 Double-Bit Axe
12:49 Horse Collar
13:07 Loom
13:57 Wheelbarrow
19:08 Padded Archer Armor
20:16 Forging
22:30 Scale Barding Armor
24:00 Bloodlines
26:35 Fletching
30:24 Castle Age
31:31 Iron Casting
Connection lost

Rejoining the realm…

Still unreachable

The connection could not be restored.

Session expired

The server has moved on; the page needs a fresh start.